[Event "Early-Titled-Tuesday-Blitz-October-24-2023"]
[Site "Chess.com"]
[Date "2023.10.24"]
[Round "11"]
[White "IsaqueGoncalvesSanto"]
[Black "Verony64"]
[Result "0-1"]
[WhiteElo "1838"]
[BlackElo "2172"]
[TimeControl "180+1"]
[EndTime "10:04:38 PDT"]
[Termination "Verony64 won on time"]

1. d4 c5 2. d5 e5 3. c4 d6 4. Nc3 g6 5. e4 Bg7 6. f3 a6 7.
Be3 f5 8. Qd2 Nf6 9. Bd3 f4 10.
Bf2 O-O 11. Nge2 Nbd7 12. O-O Nh5 13. Qe1 Qe7 14. Bc2 Rf7 15. Ba4 Nf8 16. Rd1 g5 17.
Rd3 Ng6 18. g4 fxg3 19. hxg3 Bh3 20. Be3 Bxf1 21. Qxf1 Raf8 22. Bc1 h6 23. Qh3 Nf6 24. Qe6 Qc7 25. Kg2 Kh7 26. a3 Re7 27. Qf5 Nd7 28.
Qg4 Nb6 29. Bc2 Qd7 30. b3 Qxg4 31. fxg4 Ref7 32. Be3 Nd7 33. Nd1 Rb8 34. a4 b5 35.
cxb5 axb5 36. a5 Ra8 37. Bd2 b4 38. Ne3 Rxa5 39. Nf5 Bf8 40. Bd1 Ra6 41. Nc1 Rb6 42.
Be3 Nf6 43. Rd2 Nxe4 44. Rf2 Nxf2 45. Kxf2 Ne7 46. Bc2 Nxf5 47. Bxf5+ Rxf5+ 48. gxf5 Kg7 49. g4 Ra6 50. Ke2 Be7 51. Kd3 e4+ 52. Kxe4 Bf6 53.
Kd3 Ra7 54. Kc4 Re7 55. Bd2 Re4+ 56. Kd3 Rxg4 57. Ne2 h5 58. Ke3 h4 59. Kf3 Rd4 60. Nxd4 Bxd4 61. Bc1 Kf6 62. Kg4 Bc3 63. Bxg5+ Ke5 64.
Bf4+ Kxd5 65. f6 Bxf6 66. Kf5 Be7 67. Kg6 Ke4 68. Bh2 d5 69. Kf7 Bg5 70. Kg6 Bd8 71. Bg1 c4 72. Kh5 c3 0-1

[Event "Early-Titled-Tuesday-Blitz-October-24-2023"]
[Site "Chess.com"]
[Date "2023.10.24"]
[Round "11"]
[White "CSB7"]
[Black "Vesper2018"]
[Result "1-0"]
[WhiteElo "2724"]
[BlackElo "2599"]
[TimeControl "180+1"]
[EndTime "10:04:43 PDT"]
[Termination "CSB7 won on time"]

1. e4 c5 2. Nf3 d6 3. d4 cxd4 4. Nxd4 Nf6 5. Nc3 a6 6. Rg1 b5 7. g4 Bb7 8. Bg2 e6 9. a3 Nbd7 10. g5 Ng8 11. h4 Rc8 12. Qd2 g6 13. b3 Bg7 14. Bb2 Ne7 15. O-O-O h5 16. Kb1 O-O 17. Bh3 Nc5 18. Rge1 d5 19. e5 Ne4 20. Nxe4 dxe4 21. Nxe6 fxe6 22. Bxe6+ Kh7 23. Bxc8 Qxc8 24. Qd7 Rxf2 25. c4 Nf5 26. e6 Rxb2+ 27. Kc1 bxc4 28. b4 c3 29. Qxc8 Bxc8 30. Rxe4 c2 31. Rd2 Ra2 32. Rxc2 Rxc2+ 33. Kxc2 Bxe6 34. Kd2 Bd5 35. Re8 Nxh4 36. a4 Bc6 37. Re6 Bxa4 38. Rxa6 Bd7 39. Ra7 Bb5 40. Rb7 Bf1 41. b5 Nf3+ 42. Ke3 Nxg5 43. b6 h4 44. Rxg7+ Kxg7 45. b7 h3 46. b8=Q Bg2 47. Qe5+ Kh7 48. Qxg5 Kg7 49. Qh4 Kf7 50. Kf4 Ke6 51. Kg5 Ke5 52. Qf4+ Kd5 53. Kxg6 Ke6 54. Kg7 Kd5 55. Kf6 Kc5 56. Qe5+ Kc6 57. Ke7 Kb6 58. Qd6+ Kb5 59. Kf6 Kc4 60. Kf5 Kc3 61. Kf4 Kc4 62. Ke3 Kc3 63. Qd4+ Kb3 64. Qb6+ Kc4 65. Qc7+ Kd5 66. Kf4 Kd4 67. Qd6+ Bd5 68. Kg3 Kc4 69. Kxh3 Kd4 70. Kg3 Kc4 71. Kf4 Kd4 72.
Kf5 Kc4 73. Ke5 Bf3 74. Qd4+ Kb5 75. Qb2+ Kc4 76. Qc2+ Kb4 77. Qd2+ Kc4 78. Qf4+ 1-0

[Event "Early-Titled-Tuesday-Blitz-October-24-2023"]
[Site "Chess.com"]
[Date "2023.10.24"]
[Round "11"]
[White "Alenzer"]
[Black "SanchezKelvin"]
[Result "0-1"]
[WhiteElo "2062"]
[BlackElo "2556"]
[TimeControl "180+1"]
[EndTime "10:04:45 PDT"]
[Termination "SanchezKelvin won by resignation"]

1. e4 e5 2. Nf3 Nc6 3. Bb5 a6 4. Ba4 b5 5. Bb3 Nf6 6. d3 Be7 7. c3 O-O 8. O-O d6 9. Nbd2 Na5 10. Bc2 c5 11. Re1 Bg4 12. Nf1 Nd7 13. h3 Bxf3 14. Qxf3 Bg5 15. Ng3 Bxc1 16. Raxc1 Qf6 17. Qxf6 Nxf6 18.
Nf5 Rfd8 19. Ne3 Kf8 20. g3 Rac8 21. f4 Nh5 22. fxe5 dxe5 23. Kg2 g6 24. Nd5 Kg7 25. Bd1 Nf6 26. Bf3 Nxd5 27. exd5 f6 28. c4 Nb7 29. b3 Nd6 30. Ra1 Re8 31. a4 b4 32. g4 f5 33. Kg3 Kf6 34. h4 h6 35. Re2 Rc7 36.
Rae1 Rce7 37. Kh3 g5 38. gxf5 Nxf5 39. hxg5+ hxg5 40. Bg4 Rh7+ 41. Kg2 Nd4 42. Rf2+ Kg6 43. Re4 Reh8 44. Re1 Rh2+ 45. Kg3 Rxf2 46. Kxf2 Kf6 47. Rg1 Rh2+ 48. Kg3 Rd2 49. Rf1+ Ke7 50. Bf5 Nxf5+ 51. Rxf5 Rxd3+ 52. Kg4 Rxb3 53. Rxe5+ Kd7 54. Rxg5 Rc3 55. Rg7+ Kd6 56. Rg6+ Kd7 57. Rxa6 Rxc4+ 58. Kf5 Rd4 59. Ke5 b3 60. Ra7+ Kc8 61. Kd6 c4 62. Ra6 b2 63.
Rc6+ Kb7 64. Rc7+ Kb8 65. Kd7 b1=Q 66. Rc8+ Ka7 67. Rc7+ Qb7 68. Rxb7+ Kxb7 69. Ke6 Rxd5 70. Kxd5 c3 0-1

[Event "Early-Titled-Tuesday-Blitz-October-24-2023"]
[Site "Chess.com"]
[Date "2023.10.24"]
[Round "11"]
[White "zeebraa"]
[Black "Cambek64"]
[Result "1-0"]
[WhiteElo "2361"]
[BlackElo "2443"]
[TimeControl "180+1"]
[EndTime "10:04:46 PDT"]
[Termination "zeebraa won by resignation"]

1. d4 c5 2. d5 e5 3. Nc3 d6 4.
e4 Nf6 5. Be2 Be7 6. Nf3 O-O 7.
O-O Nbd7 8. Nd2 Ne8 9. Nc4 a6 10. a4 g6 11. Be3 Ng7 12. g4 f5 13. gxf5 gxf5 14. f3 f4 15. Bf2 Rf6 16. Kh1 Rh6 17.
Rg1 Bh4 18. Qe1 Bxf2 19. Qxf2 Nf8 20. Rg2 Ng6 21. Rag1 Nh5 22. Bf1 Ng3+ 23. Rxg3 fxg3 24. Rxg3 Kh8 25. a5 Rb8 26. Nd1 Nf4 27. Qg1 Qf8 28. Nde3 Bd7 29. Ng4 Bxg4 30. Rxg4 Rg6 31. Ne3 Qf6 32.
Nf5 Rbg8 33. h3 h5 34. Rxg6 Rxg6 35. Qf2 Kh7 36. Kh2 Qg5 37. Nh4 Rf6 38. Nf5 Rf7 39.
Nxd6 Rf6 40. Nf5 Kg8 41. Qxc5 Rxf5 42. exf5 h4 43. Qf2 Qxf5 44. d6 Kf8 45. Qxh4 Qxc2+ 46. Kh1 Qc1 47. Kg1 Qe3+ 48. Qf2 Qxf2+ 49. Kxf2 Ke8 50. Ke3 Kd7 51. Ke4 Kxd6 52. h4 Ke6 53. Bc4+ Kf6 54.
Bd5 Ne6 55. Kd3 Nc5+ 56. Kc4 Na4 57. b3 Nb2+ 58. Kc3 Nd1+ 59. Kd2 Nf2 60. Bxb7 Kf5 61. Bxa6 Kf4 62. Bc8 Kxf3 63. a6 Ne4+ 64. Kc2 Nd6 65. a7 Nxc8 66. a8=Q+ e4 67. Qxc8 e3 68. Qf8+ Ke2 69.
h5 Ke1 70. Qe7 e2 71. Qxe2+ Kxe2 72. h6 1-0

[Event "Early-Titled-Tuesday-Blitz-October-24-2023"]
[Site "Chess.com"]
[Date "2023.10.24"]
[Round "11"]
[White "WhiteKnight2612"]
[Black "Aswathchess"]
[Result "0-1"]
[WhiteElo "2819"]
[BlackElo "2689"]
[TimeControl "180+1"]
[EndTime "10:04:49 PDT"]
[Termination "Aswathchess won by checkmate"]

1. Nf3 Nf6 2. c4 g6 3. g3 Bg7 4. Bg2 O-O 5. O-O d6 6. d4 c6 7.
Nc3 Qb6 8. e4 Bg4 9. b3 Nfd7 10.
Be3 e5 11. d5 Qc7 12. h3 Bxf3 13. Qxf3 a5 14. Rad1 Na6 15. Qe2 Rfd8 16. Qd2 Ndc5 17. f4 exf4 18. Rxf4 Qe7 19. Rdf1 Rf8 20. Bd4 Bxd4+ 21.
Qxd4 Qe5 22. Qxe5 dxe5 23. Rf6 Rac8 24. h4 Nd7 25. Rd6 Rc7 26. Bh3 Nac5 27. h5 Kg7 28. Kh2 gxh5 29. Rf5 f6 30. Rxh5 Nb6 31. Bf5 h6 32.
dxc6 bxc6 33. Rh4 Nc8 34. Rd2 Ne7 35. Rd6 Nc8 36. Bxc8 Rcxc8 37. Kh3 Rfd8 38. Rg4+ Kf7 39. Rxd8 Rxd8 40. Rh4 Rd3 41. Ne2 Re3 42. Ng1 Nxe4 43. Rxh6 Rxg3+ 44. Kh2 Ke6 45. Rh7 Rc3 46. Rc7 Rc2+ 47.
Kh3 Kd6 48. Rc8 Rxa2 49. Nf3 Rb2 50. Rb8 a4 51. Kg4 Rxb3 52. Ra8 Ke6 53. Nh4 Rg3+ 54. Kh5 Rg5+ 55. Kh6 Ng3 56. Ng6 Nf5+ 57. Kh7 Rh5+ 58. Kg8 Rg5 59. Kh7 Rh5+ 60. Kg8 Ne7+ 61. Nxe7 Kxe7 62.
Rxa4 Rg5+ 63. Kh7 Rg4 64. Ra7+ Ke6 65. c5 Kd5 66. Rf7 Rf4 67. Kg6 Kxc5 68. Rd7 Kc4 69. Rd1 c5 70. Rc1+ Kd5 71. Rd1+ Kc6 72. Rd8 c4 73. Rc8+ Kd5 74. Rd8+ Ke4 75. Rc8 Kd3 76. Rd8+ Kc2 77. Rc8 c3 78. Rc6 Kd2 79. Rd6+ Rd4 80. Rc6 c2 81. Kxf6 c1=Q 82. Rxc1 Kxc1 83. Kxe5 Rd3 84.
Ke4 Kc2 85. Ke5 Kc3 86. Ke6 Rd4 87. Kf7 Kc4 88. Ke8 Rd6 89. Kf8 Kc5 90. Kg8 Rd7 91.
Kf8 Kd6 92. Ke8 Ke6 93. Kf8 Kf6 94. Kg8 Rf7 95. Kh8 Kg6 96. Kg8 Rf6 97. Kh8 Rf8# 0-1

[Event "Early-Titled-Tuesday-Blitz-October-24-2023"]
[Site "Chess.com"]
[Date "2023.10.24"]
[Round "11"]
[White "FGHSMN"]
[Black "scarabee43"]
[Result "0-1"]
[WhiteElo "2872"]
[BlackElo "2813"]
[TimeControl "180+1"]
[EndTime "10:05:14 PDT"]
[Termination "scarabee43 won by resignation"]

1. d4 Nf6 2. Nf3 d5 3. Bf4 c5 4. e3 Nc6 5. Nbd2 cxd4 6. exd4 Bg4 7. c3 e6 8. Qb3 Qc8 9. Ne5 Nxe5 10. Bxe5 Nd7 11. Bg3 Be7 12. Bd3 O-O 13. O-O Bh5 14.
Rac1 Nb6 15. c4 dxc4 16. Nxc4 Nxc4 17. Rxc4 Qd8 18. Qxb7 Bd6 19. Be4 Rb8 20. Qxa7 Rxb2 21. Rfc1 Bxg3 22. hxg3 Qf6 23. d5 exd5 24. Bxd5 h6 25. Rf4 Qe5 26. Qc5 Re2 27. Bb3 Qb2 28.
Qc3 g5 29. Qxb2 Rxb2 30. Rf6 Kg7 31. Rcc6 Bg6 32. Rfd6 h5 33. Rc5 Re8 34. Rd1 Ree2 35. Rf1 g4 36. Rc3 Red2 37. Bc4 h4 38. gxh4 Be4 39.
Rg3 f5 40. f3 Bd3 41. Bxd3 Rxd3 42. Kh2 Rd4 43. fxg4 fxg4 44. Rf5 Rxa2 45. Rg5+ Kh6 46.
R3xg4 Rdd2 47. Rg8 Kh7 48. R4g7+ Kh6 49. Rg5 Kh7 50. Kh3 Rd3+ 51. Rg3 Rd1 52. R8g7+ Kh8 53. Kh2 Raa1 54. Rg8+ Kh7 55. R3g7+ Kh6 56. Rg6+ Kh7 57.
R8g7+ Kh8 58. Rf7 Rh1+ 59. Kg3 Ra3+ 60. Rf3 Ra4 61. Rg4 Ra2 62. Rg5 Rg1 63. Kh2 Raa1 64. Rf6 Kh7 65. Rf7+ Kh8 66. Rf6 Rh1+ 67. Kg3 Kh7 68. Rf7+ Kh8 69. h5 Ra3+ 70. Rf3 Ra4 71. Rf4 Ra2 72. Rh4 Rg1 73. Kh2 Rf1 74. Rc4 Raa1 75.
g4 Ra2+ 76. Kg3 Rg1+ 77. Kf4 Rf1+ 78. Ke5 Ra5+ 79. Ke6 Rxg5 80. Ke7 Rg1 81. Kf6 R1xg4 82.
Rc8+ Rg8 83. Rc7 Rf4+ 84. Ke5 Rh4 85. Rc6 Rxh5+ 86. Ke4 Rg4+ 87. Kf3 Ra4 88. Rc8+ Kg7 89. Rc7+ Kf6 90. Rc6+ Ke7 91. Rc7+ Kd6 92. Rg7 Rh3+ 93.
Kg2 Rb3 94. Rg6+ Ke7 95. Rg5 Ra2+ 0-1

[Event "Early-Titled-Tuesday-Blitz-October-24-2023"]
[Site "Chess.com"]
[Date "2023.10.24"]
[Round "11"]
[White "MatthewG-p4p"]
[Black "hansen"]
[Result "0-1"]
[WhiteElo "2830"]
[BlackElo "2947"]
[TimeControl "180+1"]
[EndTime "10:05:24 PDT"]
[Termination "hansen won by checkmate"]

1. e4 c5 2. c3 Nf6 3. e5 Nd5 4. Nf3 Nc6 5. Bc4 Nb6 6. Bb3 d5 7. exd6 Qxd6 8. O-O Be6 9. Bxe6 Qxe6 10. a4 Rd8 11. a5 Nd5 12. a6 b6 13. Re1 Qd7 14.
d4 cxd4 15. Nxd4 e6 16. Nxc6 Qxc6 17. Qg4 h5 18. Qe4 Qc7 19. Bg5 Be7 20. Bxe7 Qxe7 21. Nd2 Nf6 22. Qf4 Qd6 23. Qxd6 Rxd6 24. Nc4 Rc6 25. Ne5 Rc5 26. Nd3 Rc7 27. f3 O-O 28.
Kf2 Rd8 29. Ne5 Nd5 30. g3 f6 31. Ng6 Kf7 32. Nh4 b5 33. Re4 Rc6 34. Ng2 Nc7 35.
Nf4 Rd2+ 36. Re2 Rxe2+ 37. Kxe2 e5 38. Nd3 Rxa6 39. Rd1 Ra2 40. Rd2 Ne6 41. Nb4 Ra1 42. Rd7+ Kg6 43. Rb7 a6 44. Rb6 Nc5 45. Nd5 Ra2 46.
Ke3 Rxb2 47. Ne7+ Kf7 48. Nf5 g6 49. Nd6+ Ke7 50. Rc6 Na4 51. Ne4 Rb3 52. Kd2 f5 53. Ng5 Rb2+ 54. Ke3 Rxh2 55. Rxg6 Nxc3 56. Re6+ Kd7 57. Rxe5 b4 58. Kd3 Kc6 59. Ne6 Kb6 60. Nd4 Nb5 61. Nb3 Rh3 62. Rxf5 Rxg3 63. Rf6+ Kc7 64.
Kc4 Nd6+ 65. Kxb4 h4 66. Nc5 h3 67. Nxa6+ Kc6 68. Rh6 Rxf3 69. Nb8+ Kd5 70. Nd7 Ne4 71. Nb6+ Kd4 72. Nc4 Rg3 73. Rh4 Kd5 74. Nb6+ Ke5 75.
Nc4+ Kd5 76. Nb6+ Ke5 77. Nc4+ Kf5 78. Rh8 Nf6 79. Nd6+ Kg6 80. Nc4 Kg7 81. Rh4 Kf7 82.
Kb5 Nd5 83. Kc5 Ne7 84. Ne5+ Ke6 85. Nc4 Nf5 86. Rh8 Kf7 87. Nd2 Kg7 88. Rh5 Kg6 89. Rh8 Nh6 90. Ne4 Rg2 91. Ra8 h2 92. Ra5 h1=Q 93.
Ra6+ Kg7 94. Ra7+ Nf7 95. Nd6 Qg1+ 96. Kd5 Qxa7 97. Ke6 Re2+ 98. Kf5 Qf2+ 99. Kg4 Nxd6 100. Kh3 Re3+ 101. Kg4 Rg3+ 102. Kh5 Qh2# 0-1

[Event "Early-Titled-Tuesday-Blitz-October-24-2023"]
[Site "Chess.com"]
[Date "2023.10.24"]
[Round "11"]
[White "nitpicker"]
[Black "Jojo_898"]
[Result "1/2-1/2"]
[WhiteElo "2258"]
[BlackElo "2339"]
[TimeControl "180+1"]
[EndTime "10:05:30 PDT"]
[Termination "Game drawn by 50-move rule"]

1. d4 Nf6 2. c4 g6 3. Nc3 Bg7 4. e4 d6 5. Be2 O-O 6. Nf3 b6 7. a3 Bb7 8. Qc2 c5 9. d5 e6 10. O-O e5 11. b4 Nh5 12. g3 f5 13. Ng5 Bc8 14. Bxh5 gxh5 15. Ne6 Bxe6 16. dxe6 f4 17. b5 Qe7 18. Nd5 Qxe6 19. Nc7 Qh3 20. f3 fxg3 21. hxg3 Qxg3+ 22. Qg2 Qxg2+ 23. Kxg2 Nd7 24. Nxa8 Rxa8 25.
Rd1 Bf8 26. f4 Kf7 27. a4 Be7 28. a5 Rg8+ 29. Kf3 h4 30. axb6 axb6 31. Ra7 Rg3+ 32. Kf2 Nf6 33. fxe5 Nxe4+ 34. Kf1 h3 35. exd6 Nxd6 36.
Rxd6 h2 37. Rh6 Rg1+ 38. Kf2 h1=Q 39. Rxh1 Rxh1 40. Bg5 Rh2+ 41. Ke3 Rh3+ 42. Kd2 Rh2+ 43. Ke1 Rh1+ 44. Kf2 Rh2+ 45. Kg3 Re2 46. Rb7 Re6 47. Bxe7 Rxe7 48. Rxb6 Re4 49. Rc6 Rxc4 50. b6 Rb4 51. Rxc5 Rxb6 52. Rc7+ Kg6 53. Rc5 h6 54. Rd5 Rb3+ 55.
Kg2 Rb2+ 56. Kg3 Rb4 57. Rd6+ Kg5 58. Rd5+ Kf6 59. Rd6+ Kg7 60. Rd7+ Kf8 61. Rd6 Rb3+ 62. Kg4 Kg7 63. Rd7+ Kf6 64. Rd6+ Ke5 65. Rxh6 Rb4+ 66. Kg5 Rb2 67. Kg4 Rg2+ 68. Kf3 Ra2 69. Rh5+ Kf6 70.
Rh6+ Kg5 71. Rc6 Ra3+ 72. Ke4 Ra4+ 73. Ke5 Ra1 74. Kd4 Kf5 75. Rc5+ Kf4 76. Rc3 Ra8 77.
Rc4 Rd8+ 78. Kc3+ Ke3 79. Rc6 Rf8 80. Kc4 Re8 81. Rd6 Rc8+ 82. Kd5 Rc2 83. Re6+ Kd3 84. Rg6 Rd2 85. Ke6 Re2+ 86. Kf5 Rf2+ 87. Ke5 Rh2 88.
Kf5 Rh5+ 89. Rg5 Rh4 90. Rg4 Rh5+ 91. Rg5 Rh6 92. Rg3+ Ke2 93. Rg5 Rd6 94. Ke5 Rb6 95. Kf5 Rb5+ 96. Kf6 Rb6+ 97. Kf5 Kf3 98. Rg7 Rb5+ 99. Ke6 Ke4 100. Rg4+ Kf3 101. Rc4 Ke3 102. Kf6 Kd3 103. Rg4 Rb6+ 104. Kf5 Ke3 105. Rg3+ Kf2 106. Ra3 Rb5+ 107. Kf4 Rb4+ 108. Kf5 Rc4 109. Ke5 Rh4 110. Kf5 Rh5+ 111. Kf4 Rh4+ 112. Kf5 Rh5+ 113. Kf4 Rb5 114. Ke4 Rb4+ 115. Kf5 1/2-1/2